 Dungeon Crawl Stone Soup version 0.29-a0-341-g24ffce5b50 (webtiles) character file.

Game seed: 13090799023166926814

21 spaghetti the Skirmisher (level 2, 0/30 HPs)
             Began as a Naga Berserker on Apr 20, 2022.
             Was a Follower of Trog.
             Slain by a frilled lizard (3 damage)
             ... on level 1 of the Dungeon.
             The game lasted 00:00:49 (741 turns).

spaghetti the Skirmisher (Naga Berserker)            Turns: 741, Time: 00:00:49

Health: 0/30       AC:  1    Str: 19    XL:     2   Next: 83%
Magic:  2/2        EV:  9    Int:  7    God:    Trog [*.....]
Gold:   0          SH:  0    Dex: 10    Spells: 1/1 levels left

rFire   . . .      SeeInvis +   a - +0 mace {mace}
rCold   . . .      Faith    .   (no shield)
rNeg    . . .      Spirit   .   b - +0 animal skin
rPois   +          Reflect  .   (no helmet)
rElec   .          Harm     .   (no cloak)
rCorr   .          Rampage  .   (no gloves)
Will    .....                   (no barding)
Stlth   +.........              (no amulet)
HPRegen 0.10/turn               (no ring)
MPRegen 0.08/turn               (no ring)

@: short of breath, on berserk cooldown, slowed, very slow
A: AC +0, large, see invisible, deformed body, poison resistance, slowness 2,
spit poison 1, naga tail 1
a: Spit Poison, Renounce Religion, Berserk


You were on level 1 of the Dungeon.
You worshipped Trog.
Trog was aware of your devotion.
You visited 1 branch of the dungeon, and saw 1 of its levels.


Innate Abilities, Weirdness & Mutations

Your serpentine skin is tough. (AC +0)
You have supernaturally acute eyesight. (SInv)
Armour fits poorly on your strangely shaped body.
Your system is resistant to poisons. (rPois)
You cover ground very slowly.
You can spit poison.
You have a snake-like lower body.


   Skills:
 + Level 4.0 Fighting
 - Level 3.0 Maces & Flails
 - Level 1.5 Armour
 - Level 1.5 Dodging


You had one spell level left.
You didn't know any spells.
Your spell library was empty.

Inventory:

Hand Weapons
 a - a +0 mace (weapon) {mace}
Armour
 b - a +0 animal skin (worn)

Dungeon Overview and Level Annotations

Branches:
Dungeon (1/15)

Altars:

#P#...#P♣ #P.###PP
#PP..÷P#♣ ♣P.....P♣
♣.......♣ ♣≈..§...♣
♣...l...♣ ####.
♣P..@..P# .....
#PPPl).#P♣# #....
#♣P.#)## #.#### #.$.
####)# ...###.##
###.########.##...#
##.....#.........#.#
##...?.....(........#
#.......).......###.#
#...............# #.#


You could see 2 frilled lizards.


Message History

You closely miss the kobold. The kobold hits you with a +0 whip.
The kobold hits something with a +0 dagger. 😮 HP[-2]
You take 2 damage, and now have 21/30 hp.
You barely miss the kobold. The kobold barely misses you.
The kobold hits something with a +0 dagger. x2
The kobold misses you.
You barely miss the kobold. The kobold hits you with a +0 whip.
The kobold hits something with a +0 dagger. 😮 HP[-3]
You take 3 damage, and now have 18/30 hp.
You closely miss the kobold. The kobold hits you with a +0 whip.
* * * LOW HITPOINT WARNING * * *
A frilled lizard comes into view. 😨 HP[-3]
You take 3 damage, and now have 15/30 hp.
You barely miss the kobold. The kobold misses you.
Aiming: Spit Poison (2% risk of failure)
Press: ? - help, Shift-Dir - straight line, f - kobold
Aim: a kobold, wielding a +0 whip and quivering stones (50% to hit)
The splash of poison misses the kobold.
The splash of poison hits the kobold!
The kobold is poisoned.
You kill the kobold!
Trog accepts your kill.
The frilled lizard hisses angrily.
You hear an angry hiss.
A frilled lizard comes into view.
The kobold hits you but does no damage.
You aren't carrying any potions.
Unknown command.
A red film seems to cover your vision as you go berserk!
You feel yourself moving faster!
You feel mighty! The kobold hits you with a +0 whip.
* * * LOW HITPOINT WARNING * * *
😨 HP[+4]
You now have 45 max hp (+15).
You regained 4 hp, and now have 19/45 hp.
You are too injured to fight recklessly!
You closely miss the kobold. The kobold hits you with a +0 whip.
* * * LOW HITPOINT WARNING * * *
😨 HP[-4]
You take 4 damage, and now have 15/45 hp.
You sock the kobold!
You kill the kobold!
Trog accepts your kill.
You hit the kobold.
You kill the kobold!
Trog accepts your kill. 😨 HP[+1]
You have got your breath back.
The frilled lizard bites you.
* * * LOW HITPOINT WARNING * * *
Items here: ( ))) †. 😨 HP[-1]
You take 1 damage, and now have 15/45 hp.
You sock the frilled lizard!
You kill the frilled lizard!
Trog accepts your kill.
A frilled lizard comes into view.
The frilled lizard hisses angrily.
The kobold hits you with a +0 club.
* * * LOW HITPOINT WARNING * * *
You see here a +0 dagger {short}. 😨 HP[-3]
You take 3 damage, and now have 12/45 hp.
You thump the kobold!
You kill the kobold!
Trog accepts your kill. The frilled lizard barely misses you.
Your Fighting skill increases to level 4!
The frilled lizard barely misses you.
You see here a +0 club {mace}.
You feel a strong urge to attack something.
You are no longer berserk.
You are exhausted.
You feel yourself slow down.
The frilled lizard bites you but does no damage. 😨 HP[-4]
You now have 30 max hp (-15).
You miss the frilled lizard. The frilled lizard bites you.
* * * LOW HITPOINT WARNING * * *
The frilled lizard closely misses you. The frilled lizard bites you.
* * * LOW HITPOINT WARNING * * *
The frilled lizard bites you.
* * * LOW HITPOINT WARNING * * *
😱 HP[-5]
You take 5 damage, and now have 3/30 hp.
You barely miss the frilled lizard. The frilled lizard bites you.
* * * LOW HITPOINT WARNING * * *
The frilled lizard barely misses you.
The frilled lizard bites you but does no damage.
The frilled lizard barely misses you. 😱 HP[-1]
You take 1 damage, and now have 2/30 hp.
Aiming: Spit Poison (2% risk of failure)
Press: ? - help, Shift-Dir - straight line, f - frilled lizard
Aim: a frilled lizard (37% to hit)
The splash of poison misses the frilled lizard.
The frilled lizard bites you but does no damage.
The frilled lizard bites you.
You die...

Skill      XL: |  1  2 |
---------------+-------+-----
Fighting       | 4 |  4.0
Maces & Flails | |  3.0
Armour         | |  1.5
Dodging        | |  1.5

Action                   || total
-------------------------++-------
Melee: Mace              ||    48
Invok: Berserk           ||     1
 Abil: Spit Poison       ||     6
Armor: Animal skin       ||    16
Dodge: Dodged            ||    36

Levels and vault maps discovered:
D:1:      onia_arrival_mini_maze, layout_rooms, minmay_misc_feat_nine_boxes,
          lexackson_kobold_supper

Notes
Turn   | Place    | Note
-------+----------+-------------------------------------------
     0 | D:1      | spaghetti the Naga Berserker began the quest for the Orb.
     0 | D:1      | Reached XP level 1. HP: 21/21 MP: 1/1
     0 | D:1      | magus.rc [v1.9.6]
    49 | D:1      | HP: 5/21 [quokka (5)]
    54 | D:1      | HP: 2/21 [bat (1)]
   490 | D:1      | Reached XP level 2. HP: 17/28 MP: 2/2
   737 | D:1      | Reached skill level 4 in Fighting
   739 | D:1      | HP: 7/30 [frilled lizard (1)]
   739 | D:1      | HP: 3/30 [frilled lizard (1)]
   741 | D:1      | Slain by a frilled lizard

Vanquished Creatures
  A dart slug (D:1)
  2 goblins (D:1)
  2 hobgoblins (D:1)
  2 quokkas (D:1)
  2 bats (D:1)
  2 frilled lizards (D:1)
  6 kobolds (D:1)
17 creatures vanquished.

Vanquished Creatures (others)
  5 plants (D:1)
5 creatures vanquished.

Grand Total: 22 creatures vanquished

Table legend:
 A = Non-vault XP
 B = Vault XP
 C = Vault XP percentage of total XP
 D = Non-vault monster count
 E = Vault monster count
 F = Vault count percentage of total count
                 A         B        C        D         E       F
            +---------+---------+-------+---------+---------+-------
      Total |      21 |       9 |  30.0 |      11 |       6 |  35.3
            +---------+---------+-------+---------+---------+-------
        D:1 |      21 |       9 |  30.0 |      11 |       6 |  35.3
            +---------+---------+-------+---------+---------+-------

Illustrated notes

Table legend:
 A = Kills in this place as a percentage of kills in entire the game.
 B = Kills by you in this place as a percentage of kills by you in the entire game.
 C = Kills by friends in this place as a percentage of kills by friends in the entire game.
 D = Other kills in this place as a percentage of other kills in the entire game.
 E = Experience gained in this place as a percentage of experience gained in the entire game.
 F = Experience gained in this place divided by the number of levels of this place that you have seen.
                   A       B       C       D       E      F
               +-------+-------+-------+-------+-------+----------------------
         Total | 100.0 | 100.0 |   N/A |   N/A | 100.0 |  30.0
       Dungeon | 100.0 | 100.0 |   N/A |   N/A | 100.0 |  30.0
               +-------+-------+-------+-------+-------+----------------------

Table legend: (Time is in decaauts)
 A = Elapsed time spent in this place.
 B = Non-inter-level travel time spent in this place.
 C = Inter-level travel time spent in this place.
 D = Time resting spent in this place.
 E = Time spent auto-exploring this place.
 F = Levels seen in this place.
 G = Mean time per level.
                   A        B        C        D        E       F      G
               +--------+--------+--------+--------+--------+-----+--------+
         Total |    795 |    795 |      0 |    343 |    343 |   1 |  795.0 |
       Dungeon |    795 |    795 |      0 |    343 |    343 |   1 |  795.0 |
               +--------+--------+--------+--------+--------+-----+--------+

Top non-repeatable levels by time:
     D:1: 795 daAuts
